 Dungeon Crawl Stone Soup version 0.28-a0-413-gde365fb1df (webtiles) character file.

Game seed: 15207649565184465969

28 Zenkrye the Chopper (level 2, 0/25 HPs)
             Began as a Palentonga Fighter on Sept 7, 2021.
             Killed from afar by Sigmund (8 damage)
             ... with a puff of flame
             ... on level 2 of the Dungeon.
             The game lasted 00:02:03 (1124 turns).

Zenkrye the Chopper (Palentonga Fighter)            Turns: 1124, Time: 00:02:04

Health: 0/25       AC: 10    Str: 19    XL:     2   Next: 96%
Magic:  2/2        EV:  8    Int:  8    God:
Gold:   83         SH:  4    Dex: 13    Spells: 1/1 levels left

rFire   . . .      SeeInvis +   a - +0 war axe
rCold   . . .      Faith    .   c - +0 buckler
rNeg    . . .      Spirit   .   k - +0 ring mail of Ucerun {rElec rCorr Dex+4}
rPois   .          Reflect  .   (no helmet)
rElec   +          Harm     .   (no cloak)
rCorr   +          Rampage  .   (no gloves)
Will    .....                   (no barding)
Stlth   +.........              (no amulet)
HPRegen 0.08/turn               p - +4 ring of protection
MPRegen 0.08/turn               (no ring)

@: no status effects
A: large, rugged brown scales 3, see invisible, deformed body, roll 1, armoured
tail
a: Rolling Charge


You were on level 2 of the Dungeon.
You visited 1 branch of the dungeon, and saw 2 of its levels.

You collected 83 gold pieces.

Inventory:

Hand Weapons
 a - a +0 war axe (weapon)
Armour
 b - a +0 scale mail
 c - a +0 buckler (worn)
 k - the +0 ring mail of Ucerun (worn) {rElec rCorr Dex+4}
   (You found it on level 1 of the Dungeon)

   Dex:       It affects your dexterity (+4).
   rElec:     It insulates you from electricity.
   rCorr:     It protects you from acid and corrosion.
Jewellery
 f - a ring of fire
 j - a +6 ring of dexterity
 p - a +4 ring of protection (left hand)
Wands
 h - a wand of acid (8) {@v2}
Scrolls
 e - a scroll of identify {unknown}
 g - a scroll of vulnerability {unknown}
 i - a scroll of summoning {unknown}
 l - a scroll of enchant weapon {unknown}
Potions
 d - a potion of might {@q4}


   Skills:
 - Level 3.0 Fighting
 + Level 3.5 Axes
 - Level 2.4 Armour
 - Level 2.4 Shields


You had one spell level left.
You didn't know any spells.
Your spell library contained the following spells:

 Spells                   Type           Power      Damage    Failure   Level
 Petrify                  Tmut/Erth      0%         N/A       100%        4
 Metabolic Englaciation   Hex/Ice        0%         N/A       100%        5
 Statue Form              Tmut/Erth      0%         N/A       100%        6


Dungeon Overview and Level Annotations

Branches:
Dungeon (2/15)

Altars:

Annotations:
D:2 Sigmund


Innate Abilities, Weirdness & Mutations

You are completely covered in rugged brown scales. (AC +3, +7% HP)
You have supernaturally acute eyesight. (SInv)
Armour fits poorly on your strangely shaped body.
You can roll at nearby foes to attack.
You have a long armoured tail.


Message History

A kobold comes into view. It is wielding a +0 dagger.
Found an escape hatch in the ceiling.
The kobold shouts!
The kobold throws a stone.
You block the stone.
The kobold throws a stone.
You block the stone. You block the kobold's attack.
You completely miss the kobold.
The kobold hits you but does no damage. x2
You closely miss the kobold. You tail-slap the kobold.
You kill the kobold!
No target in view!
No target in view!
Things that are here:
a +0 dagger; 4 stones; a kobold corpse
Found an escape hatch in the floor.
Found a stone staircase leading down.
Found 30 arrows.
A worm comes into view.
Found a scroll labelled LEDIYXZICK.
Sigmund the Dreaded comes into view.
He is wielding a +0 scythe and carrying a wand of flame (15).
The worm closely misses you.
You hit the worm.
The worm is lightly wounded.
The worm bites you but does no damage.
You slash the worm!
Your tail-slap misses the worm.
The worm is heavily wounded.
You hit the worm.
The worm is almost dead.
The worm bites you but does no damage.
Sigmund hits you from afar with a +0 scythe!
You slash the worm!
You kill the worm!
Sigmund hits you with a +0 scythe!
You see here a worm corpse.
You are too injured to fight recklessly!
You hit Sigmund.
You tail-slap Sigmund, but do no damage.
Sigmund is lightly wounded.
Sigmund screams, "I am the angel of ZOT!!!"
Sigmund zaps a wand.
The puff of flame hits you!
You die...

##### #.># ##### ...#
#..###...####
###.####......#....#
#.....##..###......#
####.....##..# #.......
#............# #......#
#.(#......###.####...#.#
#? ##.....# #.......##..
# #.>#@### ######.#####
....##@# #.# #.#.. ...
##.# .......!## #..#
#.#####.# #.## #. #.#
#)# #.# ##.## ## #.#
###...####. #......<...


You could see Sigmund.

Vanquished Creatures
  A worm (D:2)
  A dart slug (D:1)
  2 bats (D:1)
  An endoplasm (D:1)
  2 giant cockroaches
  A hobgoblin (D:2)
  4 jackals (D:2)
  A ball python (D:2)
  2 frilled lizards (D:1)
  5 kobolds
20 creatures vanquished.

Vanquished Creatures (others)
  2 plants (D:1)
2 creatures vanquished.

Grand Total: 22 creatures vanquished

Notes
Turn   | Place    | Note
-------+----------+-------------------------------------------
     0 | D:1      | Zenkrye the Palentonga Fighter began the quest for the Orb.
     0 | D:1      | Reached XP level 1. HP: 19/19 MP: 1/1
   282 | D:1      | Reached XP level 2. HP: 23/25 MP: 2/2
   537 | D:1      | Found a faded altar of an unknown god.
   590 | D:1      | Identified the +0 ring mail of Ucerun {rElec rCorr Dex+4}
  1118 | D:2      | Noticed Sigmund
  1124 | D:2      | Killed from afar by Sigmund

Illustrated notes

Levels and vault maps discovered:
D:1:      dpeg_arrival_erosion, layout_rooms, ebering_ecumenical_altar_rust,
          chequers_big_river, minivault_5
D:2:      layout_loops_ring, uniq_sigmund, uniq_crazy_yiuf_cottage

Skill      XL: |  1  2 |
---------------+-------+-----
Axes           | 3 |  3.5
Fighting       | |  3.0
Armour         | |  2.4
Shields        | |  2.4

Action                   || total
-------------------------++-------
Melee: War axe           ||    71
       Tailslap          ||     6
Armor: Scale mail        ||    34
       Ring mail         ||    17
Dodge: Dodged            ||    26
Block: Buckler           ||    26

Table legend: (Time is in decaauts)
 A = Elapsed time spent in this place.
 B = Non-inter-level travel time spent in this place.
 C = Inter-level travel time spent in this place.
 D = Time resting spent in this place.
 E = Time spent auto-exploring this place.
 F = Levels seen in this place.
 G = Mean time per level.
                   A        B        C        D        E       F      G
               +--------+--------+--------+--------+--------+-----+--------+
         Total |   1157 |   1107 |     50 |      0 |    907 |   2 |  578.5 |
       Dungeon |   1157 |   1107 |     50 |      0 |    907 |   2 |  578.5 |
               +--------+--------+--------+--------+--------+-----+--------+

Top non-repeatable levels by time:
     D:1: 916 daAuts
     D:2: 240 daAuts
